 Dungeon Crawl Stone Soup version 0.25-a0-425-g0e000e855e (webtiles) character file.

Game seed: 10980125790072796960, levelgen mode: deterministic

15 ReteAZ the Digger (level 2, 0/17 HPs)
             Began as an Octopode Earth Elementalist on Jan 24, 2020.
             Slain by a jackal (2 damage)
             ... on level 1 of the Dungeon.
             The game lasted 00:01:23 (211 turns).

ReteAZ the Digger (Octopode Earth Elementalist)      Turns: 211, Time: 00:01:24

Health: 0/17       AC:  1    Str:  7    XL:     2   Next: 50%
Magic:  0/5        EV: 13    Int: 17    God:
Gold:   7          SH:  0    Dex: 12    Spells: 4/5 levels left

rFire    . . .     SeeInvis .   (no weapon)
rCold    . . .     Gourm    .   (no shield)
rNeg     . . .     Faith    .   (helmet restricted)
rPois    .         Spirit   .   (no amulet)
rElec    .         Reflect  .   (no ring)
rCorr    .         Harm     .   (no ring)
MR       .....                  (no ring)
Stlth    +++.......             (no ring)
HPRegen  0.05/turn              (no ring)
MPRegen  0.09/turn              (no ring)
                                (no ring)
                                (no ring)

@: very slightly contaminated
A: almost no armour, stealthy swim, amphibious, 8 rings, constrict 8, camouflage
1, gelatinous body 1
a: no special abilities


You were on level 1 of the Dungeon.
You were not hungry.

You visited 1 branch of the dungeon, and saw 1 of its levels.

You collected 7 gold pieces.

Inventory:

Missiles
 b - 89 stones (quivered)
Jewellery
 h - an uncursed ring of wizardry {unknown}
Scrolls
 d - 2 scrolls of identify {unknown}
 e - a scroll of remove curse {unknown}
 f - a scroll of fog {unknown}
 g - a scroll of magic mapping {unknown}
Comestibles
 a - 3 chunks of flesh
 c - a ration


   Skills:
 - Level 2.0 Dodging
 - Level 3.0 Stealth
 + Level 2.2 Spellcasting
   Level 1.0 Transmutations
 * Level 3.4 Earth Magic


You had 4 spell levels left.
You knew the following spells:

 Your Spells              Type           Power        Failure   Level  Hunger
a - Sandblast             Erth           ##....       4%          1    #......

Your spell library contained the following spells:

 Spells                   Type           Power        Failure   Level  Hunger
 Passwall                 Tmut/Erth      #.......     12%         2    ###....
 Stone Arrow              Conj/Erth      #.....       28%         3    ###....
 Petrify                  Tmut/Erth      #.......     58%         4    #####..
 Lee's Rapid Deconstruct  Erth           ##........   77%         5    ######.


Dungeon Overview and Level Annotations

Branches:
Dungeon (1/15)

Altars:


Innate Abilities, Weirdness & Mutations

You cannot wear most types of armour.
You are very stealthy in the water. (Stealth+)
You are amphibious.
You can wear up to eight rings at the same time.
You can use your tentacles to constrict eight enemies at once.
Your skin changes colour to match your surroundings (Stealth+).
Your rubbery body absorbs attacks. (AC +1, EV +1)


Message History

You are very lightly contaminated with residual magic.
Nothing appears to happen.
The jackal closely misses you. The jackal bites you.
* * * LOW HITPOINT WARNING * * *
The jackal bites you.
* * * LOW HITPOINT WARNING * * *
The jackal barely misses you.
Casting: Sandblast (safe; 4% risk of failure)
Confirm with . or Enter, or press ? or * to list all spells.
Aiming: Sandblast (safe; 4% risk of failure)
Press: ? - help, Shift-Dir - straight line, f/p - jackal
Aim: a jackal The blast of sand misses the jackal.
b - 89 stones The jackal closely misses you.
The jackal barely misses you. The jackal closely misses you.
The jackal barely misses you. The jackal bites you.
You die...

#.......##......#.##
#.#...####.........#
#.#.÷.#####........###
#.#.......##≈≈#+......
#.###.....#....#...#
#.# #.....≈....≈...#
#.# #...).≈.⌠<.≈.#.#
#.# #h....≈....≈.#.#
#.# #@..§§#....#.#.#
#.#####§§###≈≈####.#
#.##.#..§.#.)...##.#
###.##.≈.§..≈.....##.#
#...##.≈..§.§.....##.#
#.####.≈..§.≈.....##.#
#.# #.#....#.....#..#
#.####.'#§≈##........#
#...........#####..#.#


You could see a jackal.

Vanquished Creatures
  2 dart slugs (D:1)
  A leopard gecko (D:1)
  A hobgoblin (D:1)
  3 jackals (D:1)
  3 rats (D:1)
10 creatures vanquished.

Notes
Turn   | Place    | Note
-------+----------+-------------------------------------------
     0 | D:1      | ReteAZ the Octopode Earth Elementalist began the quest for
                  | the Orb.
     0 | D:1      | Reached XP level 1. HP: 11/11 MP: 3/3
   109 | D:1      | Reached XP level 2. HP: 17/17 MP: 3/5
   211 | D:1      | Slain by a jackal

Levels and vault maps discovered:
D:1:      dpeg_arrival_rooms_with_view, layout_loops_ring

Skill      XL: |  1 |
---------------+----+-----
Stealth        | 3 |  3.0
Dodging        | |  2.0
Spellcasting   | |  2.2
Transmutations | |  1.0
Earth Magic    | |  3.4

Action                   || total
-------------------------++-------
Melee: Unarmed           ||    12
       Tentacles         ||     2
       Constrict         ||     2
 Cast: Sandblast         ||    11
Armor: Skin              ||     1
Dodge: Dodged            ||    15

Table legend:
 A = Non-vault XP
 B = Vault XP
 C = Vault XP percentage of total XP
 D = Non-vault monster count
 E = Vault monster count
 F = Vault count percentage of total count
                 A         B        C        D         E       F
            +---------+---------+-------+---------+---------+-------
      Total |      19 |       3 |  13.6 |       8 |       2 |  20.0
            +---------+---------+-------+---------+---------+-------
        D:1 |      19 |       3 |  13.6 |       8 |       2 |  20.0
            +---------+---------+-------+---------+---------+-------
